AoeStats
← Mhafiki

Arena

509806913Analyzed
1v1 RM · 3d ago on Sep 28, 2026· 15m 58s· 2 players
Game mode
Random Map
Map size
Tiny (2 player)
Population
200
Speed
Normal
Resources
Standard
Victory
Conquest
Starting age
Dark Age
Ending age
Imperial Age
RankedLock teamsTeams togetherTeam positionsShared explorationLock speedFull tech treeHidden civsTurbo modeCheats
Victory
Defeat
🇦🇷 Lithuanians · Argentina
1117
+17
🇺🇸 Poles · United States
1147
-17
LIONETO
10:02 Feudal Age
13:48 Castle Age
12:19 Double-Bit Axe
14:21 Scale Mail Armor
Mhafiki
4:25 Loom
9:25 Feudal Age
10:04 Double-Bit Axe
10:01 Horse Collar
Connection lost

Rejoining the realm…

Still unreachable

The connection could not be restored.

Session expired

The server has moved on; the page needs a fresh start.